Map: Prion Terraces

Players

Cirrus

  • Race: Terran Terran
  • League: Grandmaster

BunnyWillis - Winner!

  • Race: Terran Terran
  • League: Grandmaster

VOD

Have the link to the VOD?

Description

Time

  • Played on: Nov. 24, 2015, 1:17 a.m.
  • Length: 15:14
Show
View Real Time Build Order
Export as new Build Order

Cirrus Terran 

Build Orders: Bio Tank 

Get SALT Encoding   

  12  0:01  SCV  
  13  0:13  SCV  
  14  0:18  Supply Depot  
  14  0:25  SCV  
  15  0:39  SCV  
  15  0:41  Barracks  
  16  0:44  Refinery  
  16  0:51  SCV  
  17  1:03  Barracks  
  17  1:07  SCV  
  18  1:20  SCV  
  19  1:28  Reaper  
  20  1:33  Orbital Command  
  20  1:36  Refinery  
  20  1:42  Supply Depot  
  20  1:50  Reaper  
  21  1:59  SCV  
  22  2:03  Reaper  
  23  2:11  SCV  
  25  2:22  Reaper  
  25  2:23  SCV  
  26  2:33  Command Center  
  26  2:35  SCV  
  27  2:39  Reaper  
  28  2:47  SCV  
  29  2:54  Factory  
  29  2:57  Barracks Tech Lab  
  29  2:59  SCV  
  29  3:01  Supply Depot  
  30  3:11  SCV  
  31  3:14  Barracks Reactor  
  31  3:19  Supply Depot  
  31  3:22  Marine  
  31  3:25  SCV  
  31  3:26  Stimpack  
  33  3:30  Supply Depot  
  33  3:37  SCV  
  32  3:45  Marine  
  32  3:46  Starport  
  32  3:49  SCV  
  33  3:55  Factory Tech Lab  
  33  3:59  Bunker  
  33  4:00  SCV  
  34  4:03  SCV  
  34  4:06  Marine  
  34  4:09  Marine  
  37  4:16  Siege Tank  
  40  4:19  SCV  
  42  4:28  Marine  
  42  4:29  Marine  
  44  4:32  Orbital Command  
  43  4:42  Marine  
  43  4:43  Viking  
  43  4:44  SCV  
  45  4:48  Marine x2  
  45  4:51  Siege Tank  
  50  4:57  SCV  
  51  5:01  SCV  
  51  5:02  Supply Depot  
  51  5:04  Marine  
  53  5:07  Marine x2  
  53  5:09  SCV, Barracks  
  53  5:13  SCV  
  57  5:27  Marine  
  57  5:28  Siege Tank, Marine x2  
  60  5:29  SCV  
  60  5:34  SCV  
  65  5:37  Supply Depot  
  65  5:40  Medivac  
  67  5:44  Refinery  
  67  5:46  SCV  
  67  5:49  SCV  
  69  5:56  Marine  
  70  5:58  SCV  
  70  6:01  SCV  
  70  6:02  Supply Depot, Refinery  
  72  6:04  Barracks Reactor  
  72  6:11  SCV  
  71  6:14  Marine  
  72  6:19  SCV, Engineering Bay  
  72  6:21  Medivac  
  72  6:22  Command Center  
  72  6:23  Medivac  
  72  6:25  SCV  
  78  6:30  Barracks Reactor  
  78  6:32  SCV  
  79  6:35  Supply Depot  
  79  6:39  SCV  
  80  6:44  SCV  
  81  6:59  Marine x3  
  84  7:04  Siege Tank  
  84  7:05  Viking  
  89  7:10  Marine x2  
  89  7:11  Supply Depot  
  89  7:13  Terran Infantry Weapons Level 1  
  89  7:15  Barracks  
  91  7:16  Barracks  
  91  7:17  Marine x3  
  91  7:19  SCV  
  91  7:21  SCV  
  96  7:28  Marine x2  
  98  7:30  Medivac  
  98  7:31  SCV  
  98  7:35  Marine x3  
  98  7:36  Siege Tank  
  107  7:37  SCV  
  107  7:43  SCV x2  
  110  7:49  SCV  
  98  7:53  Marine  
  98  7:54  Marine x3  
  98  7:56  SCV  
  100  8:03  Barracks Reactor x2  
  100  8:06  Engineering Bay  
  100  8:07  Armory, Missile Turret  
  100  8:08  Missile Turret  
  100  8:09  Siege Tank, Marine  
  100  8:11  Marine x2  
  106  8:19  Marine x2  
  108  8:23  Combat Shields  
  108  8:26  Marine  
  109  8:29  Marine x2  
  98  8:38  Marine x2  
  98  8:39  Medivac  
  98  8:41  Siege Tank  
  103  8:42  Terran Infantry Armor Level 1  
  103  8:44  Marine  
  103  8:45  Orbital Command  
  103  8:47  Marine x2  
  104  8:50  Marine  
  104  8:51  Marine x3  
  104  8:53  SCV  
  109  8:55  Marine  
  109  8:56  Marine  
  109  9:00  SCV  
  109  9:02  Marine  
  107  9:04  Viking  
  107  9:05  Marine  
  107  9:07  SCV  
  107  9:13  Siege Tank  
  104  9:22  Viking  
  105  9:25  Marine x2  
  105  9:26  Marine x4  
  105  9:29  Marine x2  
  105  9:30  Marine  
  114  9:34  Viking  
  116  9:43  Marine x4  
  116  9:44  Marine x2  
  116  9:45  Siege Tank  
  125  9:51  Supply Depot  
  125  9:52  Supply Depot  
  125  10:12  Marine x8  
  125  10:14  Marine  
  134  10:15  Supply Depot  
  134  10:16  Supply Depot  
  134  10:19  Terran Infantry Weapons Level 2  
  134  10:21  SCV  
  134  10:24  SCV  
  135  10:31  Marine x2  
  135  10:33  SCV  
  138  10:36  SCV  
  138  10:45  SCV  
  138  10:52  SCV  
  137  10:57  SCV  
  137  11:01  Marine  
  137  11:02  Marine  
  137  11:03  Marine x3  
  137  11:04  Marine  
  141  11:19  Marine x4  
  144  11:33  Terran Infantry Armor Level 2  
  144  11:38  Medivac x2, Marine x2  
  149  11:40  SCV  
  149  11:46  SCV  
  147  11:55  Marine  
  147  11:56  Marine x4  
  151  12:08  Medivac  
  151  12:11  Marine x2  
  151  12:12  Marine x2  
  155  12:31  Siege Tank  
  155  12:34  SCV  
  155  12:35  SCV  
  151  12:42  Orbital Command  
  139  12:46  SCV  
  139  12:47  SCV  
  139  12:48  Marine x5  
  146  12:58  SCV  
  146  12:59  SCV  
  146  13:03  Siege Tank  
  149  13:06  Marine x2  
  149  13:07  Marine x2  
  149  13:10  SCV x2  
  149  13:11  SCV  
  113  13:35  Marine x7  
  113  13:37  Refinery x2  
  117  13:44  Marine x2  
  119  13:52  Marine x2  
  119  13:53  Marine x2  
  123  14:08  SCV  
  123  14:09  SCV x2  
  125  14:14  Marine x5  
  127  14:34  Marine x4  
  127  14:35  Marine x5  
  137  14:52  Marine x4  
  140  14:53  Marine x3  
  140  14:56  Marine x2  
Show
View Real Time Build Order
Export as new Build Order

BunnyWillis Terran - Winner!

Build Orders: Cyclone Opening, Bio Tank 

Get SALT Encoding   

  12  0:01  SCV  
  13  0:13  SCV  
  14  0:23  Supply Depot  
  14  0:25  SCV  
  14  0:28  Refinery  
  15  0:45  SCV  
  15  0:47  Barracks  
  16  0:57  SCV  
  17  1:09  SCV  
  18  1:21  SCV  
  18  1:23  Refinery  
  19  1:36  Marine  
  19  1:37  Factory  
  19  1:38  Orbital Command  
  20  1:52  Supply Depot  
  20  1:53  Marine  
  21  2:03  SCV  
  21  2:11  Marine  
  22  2:15  SCV  
  22  2:21  Factory Tech Lab  
  23  2:25  Supply Depot  
  23  2:27  SCV  
  23  2:29  Marine  
  25  2:35  Starport  
  25  2:43  Cyclone  
  27  2:46  SCV  
  28  2:54  Marine  
  28  2:58  Supply Depot  
  29  2:59  SCV  
  30  3:12  Marine  
  31  3:17  Medivac  
  34  3:23  Cyclone  
  36  3:28  Supply Depot  
  36  3:30  SCV, Marine  
  35  3:43  SCV  
  35  3:47  Viking  
  35  3:48  Marine  
  38  3:55  Siege Tank  
  38  4:00  SCV  
  42  4:09  Marine  
  43  4:17  Command Center  
  43  4:23  SCV  
  44  4:29  Barracks Reactor  
  44  4:31  Siege Tank  
  47  4:35  SCV  
  48  4:49  SCV  
  48  4:51  Barracks  
  48  4:52  Barracks  
  49  4:56  Engineering Bay  
  49  5:01  SCV  
  49  5:06  Siege Tank  
  53  5:13  SCV  
  54  5:19  Marine  
  55  5:22  Marine  
  55  5:25  SCV  
  54  5:30  Supply Depot x2  
  54  5:33  Medivac  
  56  5:37  Marine  
  56  5:41  SCV  
  58  5:51  Marine  
  58  5:55  Barracks Tech Lab, Marine  
  58  5:56  Barracks Tech Lab  
  53  6:02  Orbital Command  
  53  6:06  SCV  
  54  6:14  Combat Shields, Stimpack  
  54  6:22  Starport Reactor  
  54  6:23  SCV  
  55  6:26  Terran Infantry Weapons Level 1  
  55  6:29  SCV  
  56  6:35  SCV  
  57  6:41  SCV  
  57  6:45  Refinery, Marine x3  
  57  6:46  Refinery  
  61  6:47  SCV  
  61  6:53  SCV  
  63  6:56  Marine  
  64  7:03  SCV, Marine  
  64  7:04  Marine x2  
  68  7:08  SCV  
  68  7:11  Siege Tank  
  68  7:13  Marine  
  68  7:15  SCV  
  74  7:20  Marine  
  74  7:21  Marine  
  76  7:25  Marine  
  76  7:26  SCV  
  78  7:31  Marine  
  78  7:32  SCV  
  78  7:36  Supply Depot  
  80  7:38  Supply Depot, Marine  
  80  7:39  Marine  
  80  7:42  SCV  
  80  7:43  Siege Tank  
  81  7:46  SCV  
  81  7:48  Marine  
  81  7:49  Marine  
  75  7:54  SCV  
  75  7:56  Marine  
  75  7:57  Marine  
  77  7:59  Medivac  
  77  8:01  Medivac  
  81  8:06  Marine  
  81  8:07  Marine  
  83  8:14  Marine  
  83  8:15  Marine  
  83  8:19  Siege Tank  
  88  8:24  Marine  
  88  8:25  Marine  
  88  8:26  SCV  
  91  8:29  Medivac  
  91  8:30  SCV  
  91  8:32  Marine  
  91  8:33  Marine  
  95  8:41  Command Center, Terran Infantry Armor Level 1, Marine  
  95  8:42  Marine  
  97  8:49  Marine  
  97  8:51  Marine  
  99  8:59  Marine  
  99  9:00  Marine  
  101  9:08  Marine  
  101  9:09  Marine  
  102  9:17  Marine  
  102  9:18  Marine  
  97  9:26  Marine x2  
  97  9:28  SCV  
  100  9:31  Medivac x2  
  100  9:34  Barracks x2  
  100  9:35  Marine  
  100  9:36  Engineering Bay, Marine  
  100  9:37  Siege Tank  
  109  9:38  Armory  
  109  9:44  Marine  
  110  9:53  Marine x2  
  110  9:54  Marine  
  110  9:59  Sensor Tower  
  113  10:02  Marine  
  114  10:11  Siege Tank, Marine x2  
  114  10:12  Marine  
  119  10:15  Planetary Fortress  
  119  10:20  Marine  
  119  10:21  SCV  
  119  10:29  Marine x3  
  122  10:37  Orbital Command  
  122  10:38  Marine  
  119  10:46  Marine  
  119  10:47  SCV, Marine x2  
  121  10:55  Marine  
  121  10:57  SCV  
  121  10:59  SCV  
  121  11:03  SCV  
  124  11:04  Marine  
  124  11:09  Terran Infantry Weapons Level 2  
  125  11:13  Terran Infantry Armor Level 2  
  125  11:16  SCV  
  126  11:18  Marine  
  126  11:19  Marine  
  126  11:20  Barracks Reactor  
  126  11:24  SCV x2  
  130  11:28  SCV  
  131  11:40  Marine x2  
  131  11:44  Marine  
  131  11:45  Marine  
  131  11:46  Supply Depot x2  
  132  11:48  Supply Depot  
  132  11:50  Terran Vehicle Weapons Level 1  
  125  11:54  Siege Tank  
  125  11:58  Barracks Reactor, Marine x4  
  131  12:02  Marine  
  131  12:03  Marine  
  133  12:16  Marine x4  
  133  12:17  SCV x2  
  133  12:19  SCV  
  140  12:29  SCV  
  138  12:32  Marine  
  138  12:33  Marine  
  138  12:35  Marine  
  138  12:36  Marine x2  
  138  12:37  Marine x3  
  110  12:47  Siege Tank, Medivac x2  
  110  12:50  Marine  
  111  12:51  Marine  
  111  12:53  Marine  
  111  12:54  Marine x3  
  111  12:55  Marine x2  
  118  13:08  Marine  
  118  13:09  Marine  
  118  13:11  Marine  
  118  13:12  Marine x4  
  123  13:13  Marine  
  123  13:17  Medivac x2  
  123  13:19  Siege Tank  
  133  13:26  Marine  
  133  13:27  Marine  
  131  13:29  Marine  
  131  13:30  Marine x5  
  130  13:44  Marine x2  
  130  13:46  Command Center  
  130  13:47  Medivac, Marine x2  
  130  13:48  Marine x4  
  140  14:01  Marine  
  140  14:02  Marine  
  141  14:04  Marine  
  141  14:06  Marine x3  
  141  14:07  Marine  
  138  14:13  Marine  
  139  14:19  Marine  
  139  14:20  Marine  
  139  14:22  Siege Tank, Marine  
  139  14:24  Marine x4  
  146  14:30  Marine  
  150  14:31  Refinery  
  150  14:32  Refinery  
  150  14:36  Barracks  
  150  14:37  Barracks, Marine  
  150  14:38  Barracks, Marine  
  151  14:40  Marine  
  151  14:41  Marine  
  151  14:42  Marine x3  
  157  14:48  Marine  
  160  14:55  Marine  
  160  14:56  Marine  
Tags
 
Add a new tag
Caveats
  • Supply blocks, unpowered buildings, or Contaminate may cause inaccurate times.
  • Supply counts are checked every 10 seconds.